 Dungeon Crawl Stone Soup version 0.19-a0-1937-g70ed36a (webtiles) character file.

8060 Ryco the Basher (level 11, -3/67 HPs)
             Began as a Gargoyle Fighter on Oct 26, 2016.
             Was a High Priest of Okawaru.
             Killed from afar by a fire crab (8 damage)
             ... with a blast of flame
             ... in a volcano.
             The game lasted 00:48:21 (6540 turns).

Ryco the Basher (Gargoyle Fighter)                  Turns: 6540, Time: 00:48:21

Health: -3/67      AC: 24    Str: 23    XL:     11   Next: 25%
Magic:  11/12      EV:  9    Int:  9    God:    Okawaru [*****.]
Gold:   550        SH: 13    Dex:  9    Spells: 1 memorised, 6 levels left

rFire  . . .     SeeInvis .     a - +2 flail (holy)
rCold  . . .     Gourm    .     y - +0 plate armour
rNeg   + . .     Faith    .     c - +0 shield
rPois  ∞         Spirit   .     (no helmet)
rElec  +         Reflect  .     (no cloak)
rCorr  .         Harm     .     (no gloves)
MR     .....                    l - +0 pair of boots
Stlth  ..........               h - amulet of magic regeneration
                                (no ring)
                                k - ring of wizardry

@: heroism
A: negative energy resistance 1, electricity resistance, unbreathing,
petrification resistance, rot immunity, AC +7
a: Heroism, Finesse, Renounce Religion


You were in a volcano.
You worshipped Okawaru.
Okawaru was extremely pleased with you.
You were not hungry.

You visited 2 branches of the dungeon, and saw 12 of its levels.
You also visited: Sewer and Volcano.

You collected 550 gold pieces.

Inventory:

Hand Weapons
 a - a +2 flail of holy wrath (weapon)
 b - a +0 hand crossbow
Missiles
 u - 83 bolts
 H - a throwing net (quivered)
Armour
 c - a +0 shield (worn)
 l - a +0 pair of boots (worn)
 y - a +0 plate armour (worn)
Jewellery
 h - an amulet of magic regeneration (around neck)
 k - a ring of wizardry (left hand)
Wands
 g - a wand of polymorph (8/24)
 j - a wand of iceblast (0/15)
 x - a wand of disintegration (8/24)
 A - a wand of disintegration (6/24)
 F - a wand of confusion (28/48)
 K - a wand of random effects (17/48)
Scrolls
 d - 2 scrolls of teleportation
 e - 2 scrolls of amnesia
 o - 3 scrolls of recharging
 w - 2 scrolls of immolation
 C - a scroll of remove curse
 D - a scroll of fog
Potions
 i - a potion of might
 n - a potion of cancellation
 p - a potion of mutation
 q - a potion of magic
 s - 3 potions of agility
 t - 3 potions of flight
 v - a potion of invisibility {unknown}
 B - a potion of brilliance {unknown}
 E - a potion of haste {unknown}
Miscellaneous
 J - a sack of spiders
Comestibles
 f - 5 bread rations
 z - 9 fruits


   Skills:
 + Level 7.3(12.3) Fighting
 + Level 11.9(16.9) Maces & Flails
 - Level 2.2(7.2) Crossbows
 - Level 0.1(5.1) Throwing
 * Level 7.7(12.7) Armour
 + Level 9.4(14.4) Shields
 + Level 1.5 Invocations
 + Level 0.5 Evocations


You had 6 spell levels left.
You knew the following spells:

 Your Spells              Type           Power        Failure   Level  Hunger
a - Olgreb's Toxic Radia  Pois           #.......     100%        4    #####..


Dungeon Overview and Level Annotations

Branches:
Dungeon (10/15)            Temple (0/1) D:4            Lair (2/6) D:10
  Swamp (0/4) Lair:2        Snake (0/4) Lair:2
    Orc: D:9-12

Altars:
Dithmenos
Elyvilon
Gozag
Kikubaaqudgha
Makhleb
Okawaru
Ru
Yredelemnul
The Shining One

Shops:
D:5 (


Innate Abilities, Weirdness & Mutations

You are resistant to torment.
Your stone body is resilient. (AC +7)
You are immune to poison.
You resist negative energy. (rN+)
You are resistant to electric shocks. (rElec)
You can survive without breathing.
You are immune to petrification.
You are immune to rotting.


Message History

The fire crab closely misses you. The fire crab barely misses you.
You gain the combat prowess of a mighty hero.
The fire crab breathes flames at you. The blast of flame engulfs you!
Unknown command.
You sock the fire crab!
The fire crab is severely wounded.
You are engulfed in roaring flames.
* * * LOW HITPOINT WARNING * * *
Unknown command.
You hit the fire crab.
The fire crab is severely wounded.
You are engulfed in roaring flames.
You block the fire crab's attack. The fire crab closely misses you.
Unknown command.
You hit the fire crab.
The fire crab is almost dead.
The fire crab breathes flames at you. The blast of flame engulfs you!
You die...

≈≈§§≈≈≈§§§≈≈≈≈≈§§≈≈≈≈§≈≈≈≈≈≈≈≈§≈≈
§≈§§§≈§§≈≈§≈≈≈§§§§≈≈§§≈≈§§≈§≈§§≈§
§§§§§≈≈§§≈§≈§≈≈§§§§≈≈≈§§≈≈≈§≈≈§≈≈
≈§≈§≈≈≈§≈§≈§≈§§≈§§§≈≈≈§§≈§§≈≈≈§≈≈
§≈≈§≈≈§§≈≈≈§§ ≈§≈ ≈≈≈≈≈≈≈≈≈§≈§≈≈
≈§§§≈≈§.≈§ § ≈≈§ §≈§≈§ §§≈ ≈≈≈ §
################# ≈≈ ≈
#....'.§§@t§....# § ≈
#.∩..#.8§8§#..∩.# § #....#.§§§§#
...# § §≈.###''###'### ### ≈
≈≈≈≈≈≈§#......#÷#
≈≈§≈≈≈§######.#.#
§§§≈≈≈.#..).#.#.#
§§§≈≈≈.#....#.#.#
§§≈≈≈≈§#..[(#.#.#


You could see a fire crab.

Vanquished Creatures
  A lindwurm (Volcano)
  An elephant (D:9)
  A spiny frog (Lair:2)
  A gargoyle (Volcano)
  A troll (D:9)
  A two-headed ogre (D:10)
  A hippogriff (D:7)
  3 yaks (D:9)
  9 fire bats (Volcano)
  A hungry ghost (D:10)
  Eustachio (D:4)
  Menkaure (D:7)
  A steam dragon (Volcano)
  Edmund (D:6)
  A hell hound (Volcano)
  A water moccasin (Lair:1)
  A porcupine (Lair:1)
  3 orc warriors
  2 sky beasts
  A phantom (D:4)
  A necrophage (D:9)
  3 ogres
  3 centaurs
  A crocodile (Lair:2)
  7 bullfrogs
  4 big kobolds
  2 scorpions
  5 killer bees (D:9)
  2 howler monkeys
  4 wights (D:6)
  4 lava snakes (Volcano)
  2 orc priests
  2 jellies
  2 bullfrog skeletons
  A hound (D:6)
  5 iguanas
  5 orc wizards
  6 worker ants
  A worker ant zombie (D:8)
  2 howler monkey zombies
  15 adders
  14 gnolls
  A howler monkey skeleton (D:4)
  2 river rats (Sewer)
  A shadow imp (D:10)
  2 adder zombies
  2 worms
  2 leopard geckos
  28 orcs
  7 giant cockroaches
  3 hobgoblins
  6 jackals (D:3)
  6 quokkas
  4 ball pythons
  A bat (D:3)
  3 frilled lizards
  4 goblins
  2 jackal zombies (D:4)
  13 kobolds
  A leopard gecko zombie (D:6)
  A quokka zombie (D:4)
  7 rats
220 creatures vanquished.

Notes
Turn   | Place    | Note
-------+----------+-------------------------------------------
     0 | D:1      | Ryco the Gargoyle Fighter began the quest for the Orb.
     0 | D:1      | Reached XP level 1. HP: 14/14 MP: 1/1
   164 | D:2      | Reached XP level 2. HP: 11/19 MP: 2/2
   205 | D:2      | Found an opulent altar of Gozag.
   377 | D:2      | Found a burning altar of Makhleb.
   377 | D:2      | Noticed a blizzard demon
   380 | D:2      | Noticed a hellwing
   380 | D:2      | Noticed a smoke demon
   430 | D:1      | Reached XP level 3. HP: 23/23 MP: 3/3
   470 | D:2      | Found an iron altar of Okawaru.
   477 | D:2      | Became a worshipper of Warmaster Okawaru
   765 | D:5      | Entered Level 5 of the Dungeon
   778 | D:5      | Found Seguiq's Weapon Shop.
   800 | D:5      | Reached skill level 3 in Maces & Flails
   800 | D:5      | Reached XP level 4. HP: 29/29 MP: 4/4
   840 | D:5      | Noticed a centaur
   848 | D:5      | Killed a centaur
   848 | D:5      | Reached skill level 4 in Maces & Flails
   848 | D:5      | Reached XP level 5. HP: 17/33 MP: 5/5
   875 | D:5      | Found a glowing drain.
   898 | Sewer    | Entered a sewer
  1173 | Sewer    | Noticed a big kobold
  1179 | Sewer    | Noticed a big kobold
  1185 | Sewer    | Killed a big kobold
  1185 | Sewer    | Reached * piety under Okawaru
  1185 | Sewer    | Reached XP level 6. HP: 28/38 MP: 6/6
  1201 | Sewer    | Reached skill level 5 in Maces & Flails
  1491 | D:5      | Noticed an orc warrior
  1827 | D:4      | Noticed Eustachio
  1872 | D:4      | Killed Eustachio
  1872 | D:4      | Reached skill level 6 in Maces & Flails
  1872 | D:4      | Reached XP level 7. HP: 24/44 MP: 5/7
  1933 | D:4      | Found a shadowy altar of Dithmenos.
  1935 | D:4      | Reached ** piety under Okawaru
  1935 | D:4      | Reached skill level 5 in Shields
  1961 | D:4      | HP: 1/44 [orc priest/divine providence (11)]
  2273 | D:4      | Found a staircase to the Ecumenical Temple.
  2362 | D:3      | Reached skill level 7 in Maces & Flails
  2656 | D:4      | Reached XP level 8. HP: 28/48 MP: 6/8
  2933 | D:8      | Reached skill level 5 in Fighting
  3054 | D:8      | Reached skill level 8 in Maces & Flails
  3135 | D:7      | Found a white marble altar of Elyvilon.
  3153 | D:7      | Noticed Menkaure
  3160 | D:7      | Killed Menkaure
  3168 | D:7      | Found a glowing golden altar of the Shining One.
  3283 | D:7      | Noticed a hippogriff
  3290 | D:7      | Killed a hippogriff
  3290 | D:7      | Reached *** piety under Okawaru
  3290 | D:7      | Reached skill level 9 in Maces & Flails
  3290 | D:7      | Reached skill level 5 in Armour
  3290 | D:7      | Reached XP level 9. HP: 25/54 MP: 9/9
  3568 | D:6      | Found an ancient bone altar of Kikubaaqudgha.
  3637 | D:6      | Reached skill level 10 in Maces & Flails
  3651 | D:6      | Noticed Edmund
  3678 | D:6      | Killed Edmund
  3678 | D:6      | Reached skill level 1 in Invocations
  3740 | D:6      | Reached **** piety under Okawaru
  3798 | D:6      | Found a sacrificial altar of Ru.
  3846 | D:6      | Learned a level 4 spell: Olgreb's Toxic Radiance
  4130 | D:9      | Noticed a troll
  4137 | D:9      | Killed a troll
  4137 | D:9      | Reached XP level 10. HP: 57/60 MP: 7/10
  4189 | D:8      | Reached skill level 11 in Maces & Flails
  4307 | D:9      | Found a basalt altar of Yredelemnul.
  4602 | D:10     | Entered Level 10 of the Dungeon
  4665 | D:10     | Noticed an elephant
  4705 | D:9      | Killed an elephant
  4991 | D:10     | Found a sacrificial altar of Ru.
  5017 | D:10     | Found a staircase to the Lair.
  5044 | Lair:1   | Entered Level 1 of the Lair of Beasts
  5057 | Lair:1   | Reached ***** piety under Okawaru
  5101 | Lair:2   | Noticed a spiny frog
  5114 | Lair:2   | Killed a spiny frog
  5141 | Lair:2   | Found a dark tunnel.
  5146 | Volcano  | Entered a volcano
  5498 | Volcano  | HP: 2/63 [something (18)]
  5520 | Volcano  | HP: 3/63 [something (21)]
  6098 | Volcano  | Found a burning altar of Makhleb.
  6098 | Volcano  | Noticed a lindwurm
  6106 | Volcano  | Reached skill level 1 in Crossbows
  6110 | Volcano  | Reached XP level 11. HP: 36/67 MP: 11/11
  6136 | Volcano  | Killed a lindwurm
  6462 | Volcano  | Received a gift from Okawaru
  6523 | Volcano  | Noticed a fire crab
  6527 | Volcano  | HP: 3/67 [fire crab] (10)]
  6540 | Volcano  | Killed from afar by a fire crab

Vault maps used:
D:1:      lightli_arrival_boilingwater
D:2:      grunt_gozag_statues, okawaru_trees_1, makhleb_altar_promises_db
D:3:      marbit_many_paths, first_bread, serial_bayou_lagoon_a
D:4:      nicolae_dithmenos_the_darkroom, serial_undead, serial_undead_b,
          serial_undead_d, serial_undead_b, serial_undead_f, uniq_eustachio
D:5:      portal_sewer_entry_a, serial_shops, nicolae_shop_stone
D:6:      overflow_temple_1_default, basic_altar, uniq_edmund, uniq_duvessa
D:7:      overflow_temple_1_default, lemuel_crystal_altar, minivault_19,
          grunt_ogre_cave, nemelex_spade_bored_becter, uniq_menkaure
D:9:      kennysheep_blocky_hall, kennysheep_mini
D:10:     david_lair_generic, special_room, basic_altar
Lair:1:   uniq_fannar
Lair:2:   nicolae_swamp_entry_splash_gauntlet, minmay_snake_entry_six_corridors,
          enter_volcano_4, uniq_nergalle
Sewer:    sewer_co_15_rooms
Volcano:  volcano_lake

Skill      XL: |  1  2  3  4  5  6  7  8  9 10 11 |
---------------+----------------------------------+-----
Maces & Flails | 3 4 6 7 9 10 11 | 11.9
Shields        | 4 5 6 9 |  9.4
Fighting       | 4 5 6 7 |  7.3
Armour         | 4 5 7 |  7.7
Invocations    | 1 |  1.5
Crossbows      | 1 2 |  2.2
Throwing       | |  0.1
Evocations     | |  0.5

Action                   |  1- 3 |  4- 6 |  7- 9 | 10-12 || total
-------------------------+-------+-------+-------+-------++-------
Melee: Flail             |   140 |   225 |   461 |   338 ||  1164
 Fire: Hand crossbow     |       |       |       |    14 ||    14
Throw: Throwing net      |       |       |     1 |     1 ||     2
Invok: Heroism           |       |     2 |     7 |    11 ||    20
Evoke: Wand              |       |       |     4 |       ||     4
  Use: Scroll            |     9 |     2 |     8 |     3 ||    22
       Potion            |     3 |     1 |     1 |    10 ||    15
 Stab: Held in net/web   |       |       |     1 |       ||     1
  Eat: Chunk             |       |     4 |     2 |       ||     6
       Meat ration       |       |       |     1 |     1 ||     2
       Beef jerky        |       |       |     5 |     1 ||     6
Armor: Scale mail        |    70 |    32 |       |       ||   102
       Skin              |     4 |       |       |     3 ||     7
       Ring mail         |       |    82 |    49 |       ||   131
       Plate armour      |       |       |   185 |   193 ||   378
Dodge: Dodged            |    59 |    86 |    88 |    69 ||   302
Block: Shield            |    86 |   130 |   214 |   200 ||   630
